AoeStats
← miguelon01

Nomad

508958573Analyzed
4v4 RM · 8d ago on Sep 24, 2026· 64m 11s· 8 players
Game mode
Random Map
Map size
231×231
Population
200
Speed
Normal
Resources
Standard
Victory
Conquest
Starting age
Dark Age
Ending age
Imperial Age
RankedLock teamsTeams togetherTeam positionsShared explorationLock speedFull tech treeHidden civsTurbo modeCheats
Victory
Defeat
🇦🇷 Inca · Argentina
1169
+15
🇦🇷 Saracens · Argentina
1155
+15
🇦🇷 Hindustanis · Argentina
1144
+16
🇦🇷 Burgundians · Argentina
992
+21
🇧🇷 Wu · Brazil
1176
-19
🇮🇹 Celts · Italy
1162
-18
🇦🇷 Magyars · Argentina
1094
-15
🇳🇱 Mongols · Netherlands
1092
-15
AAOE | Cosita44
4:36 Loom
14:15 Feudal Age
15:47 Double-Bit Axe
18:08 Castle Age
16:27 Fishing Lines
16:52 Horse Collar
19:16 Bow Saw
19:01 Town Watch
19:55 Medium Warships
21:26 Wheelbarrow
22:09 Forging
23:11 Scale Mail Armor
26:48 Chain Mail Armor
28:05 Murder Holes
31:56 Arson
32:11 Squires
34:16 Iron Casting
41:24 Imperial Age
42:28 Conscription
44:10 Fletching
44:20 Padded Archer Armor
45:21 Ballistics
44:58 Bodkin Arrow
46:27 Chemistry
45:00 Crossbowman
46:45 Fabric Shields
47:11 Andean Sling
47:57 Leather Archer Armor
48:32 Masonry
49:00 Thumb Ring
50:06 Ring Archer Armor
49:44 Arbalester
51:42 Siege Engineers
53:05 Heavy Scorpion
55:52 Hand Cart
57:01 Spies/Treason
Gral San Martin
6:10 Loom
15:22 Feudal Age
20:36 Castle Age
21:15 Double-Bit Axe
23:26 Wheelbarrow
22:51 Gold Mining
23:27 Husbandry
24:10 Scale Barding Armor
24:18 Forging
29:25 Cavalier
39:08 Chain Barding Armor
40:52 Horse Collar
47:49 Hand Cart
52:54 Imperial Age
52:50 Iron Casting
55:41 Plate Barding Armor
56:49 Town Watch
58:48 Coinage
58:00 Spies/Treason
59:37 Paladin
61:20 Blast Furnace
60:36 Town Patrol
63:28 Conscription
64:00 Scale Mail Armor
63:51 Fletching
64:02 Padded Archer Armor
Tony
3:37 Loom
12:31 Feudal Age
13:21 Double-Bit Axe
15:40 Wheelbarrow
16:04 Fishing Lines
18:39 Forging
20:49 Bloodlines
24:34 Castle Age
24:53 Scale Barding Armor
26:59 Gillnets
28:53 Iron Casting
31:12 Husbandry
42:31 Imperial Age
40:34 Chain Barding Armor
42:43 Heavy Camel Rider
45:10 Bow Saw
56:01 Spies/Treason
60:44 Elite Ghulam
61:45 Conscription
62:02 Town Watch
62:33 Hand Cart
64:37 Town Patrol
SalvadorLimones
3:25 Loom
12:13 Feudal Age
12:48 Man-at-Arms
20:03 Castle Age
20:05 Fletching
25:42 Stone Mining
25:43 Gold Mining
33:57 Fletching
35:31 Horse Collar
37:29 Double-Bit Axe
42:40 Imperial Age
41:06 Bow Saw
40:42 Crossbowman
42:58 Ballistics
43:25 Wheelbarrow
43:27 Gold Shaft Mining
42:54 Padded Archer Armor
43:18 Thumb Ring
44:32 Bodkin Arrow
46:09 Chemistry
45:40 Arbalester
48:00 Bracer
49:01 Leather Archer Armor
51:28 Conscription
53:55 Ring Archer Armor
58:01 Spies/Treason
Tikka Masala
13:17 Feudal Age
13:08 Loom
13:54 Fishing Lines
18:35 Castle Age
18:10 Double-Bit Axe
19:28 Bow Saw
20:52 Gillnets
21:01 Fletching
23:18 Wheelbarrow
24:53 Hand Cart
24:31 Horse Collar
25:00 Stone Mining
31:45 Forging
31:35 Scale Mail Armor
36:00 Iron Casting
35:40 Chain Mail Armor
36:02 Stronghold
38:03 Bodkin Arrow
41:00 Imperial Age
38:50 Murder Holes
40:09 Gold Mining
41:13 Elite Woad Raider
41:23 Heavy Scorpion
43:24 Plate Mail Armor
43:33 Conscription
44:02 Gold Shaft Mining
47:29 Blast Furnace
52:13 Chemistry
52:52 Padded Archer Armor
Batistuta666
3:58 Loom
14:36 Feudal Age
16:04 Wheelbarrow
19:24 Castle Age
21:19 Hand Cart
22:52 Bloodlines
24:43 Horse Collar
29:33 Town Watch
34:26 Scale Barding Armor
34:32 Forging
42:12 Town Patrol
43:01 Chain Barding Armor
43:16 Iron Casting
50:13 Light Cavalry
Jimmy Jay
6:01 Loom
14:59 Feudal Age
16:33 Fishing Lines
19:09 Castle Age
17:43 Double-Bit Axe
19:05 Horse Collar
19:46 Gillnets
20:15 Bow Saw
20:50 Heavy Plow
21:12 Scale Barding Armor
21:27 Bloodlines
21:19 Husbandry
22:25 Wheelbarrow
23:37 Chain Barding Armor
30:50 Fletching
31:25 Thumb Ring
31:45 Hand Cart
38:13 Imperial Age
37:43 Bodkin Arrow
38:45 Town Watch
40:13 Ballistics
41:28 Bracer
43:03 Padded Archer Armor
48:16 Conscription
48:26 Elite Skirmisher
49:50 Leather Archer Armor
50:56 Chemistry
51:42 Ring Archer Armor
miguelon01
14:15 Feudal Age
16:14 Man-at-Arms
17:40 Loom
28:15 Castle Age
27:54 Horse Collar
29:19 Forging
Connection lost

Rejoining the realm…

Still unreachable

The connection could not be restored.

Session expired

The server has moved on; the page needs a fresh start.